 Dungeon Crawl Stone Soup version 0.20.0-15-g7f486f2 (console) character file.

122 removed the Magician (level 4, -7/21 HPs)
             Began as a Spriggan Necromancer on June 10, 2017.
             Mangled by Sigmund
             ... wielding a +0 scythe
              (8 damage)
             ... on level 3 of the Dungeon.
             The game lasted 00:03:15 (3104 turns).

removed the Magician (Spriggan Necromancer)         Turns: 3104, Time: 00:03:15

Health: -7/21      AC:  2    Str:  4    XL:     4   Next: 78%
Magic:  22/26      EV: 18    Int: 17    God:
Gold:   185        SH:  0    Dex: 16    Spells: 11/12 levels left

rFire    . . .     SeeInvis +   t - staff of power
rCold    . . .     Gourm    .   (shield currently unavailable)
rNeg     . . .     Faith    .   a - +0 robe
rPois    +         Spirit   .   (helmet restricted)
rElec    .         Reflect  .   (no cloak)
rCorr    .         Harm     .   (gloves unavailable)
MR       .....                  (boots unavailable)
Stlth    ++........             (no amulet)
Regen    0.1/turn               o - ring of poison resistance
MPRegen  0.2/turn               (no ring)

@: very slightly contaminated, very quick
A: unfitting armour, see invisible, herbivore 3, speed 3, slow metabolism 2
a: no special abilities


You were on level 3 of the Dungeon.
You were not hungry.

You visited 1 branch of the dungeon, and saw 3 of its levels.

You collected 185 gold pieces.

Inventory:

Hand Weapons
 v - a +2 short sword of speed
Armour
 a - a +0 robe (worn)
Magical Staves
 t - an uncursed staff of power (weapon)
Jewellery
 o - a ring of poison resistance (left hand)
Scrolls
 f - 2 scrolls of magic mapping {unknown}
 h - a scroll of fear {unknown}
 j - a scroll of fog {unknown}
 l - 3 scrolls of identify {unknown}
 s - a scroll of remove curse {unknown}
 w - a scroll of enchant weapon {unknown}
 x - a scroll of immolation {unknown}
 y - a scroll of teleportation {unknown}
Potions
 d - a potion of curing {unknown}
 e - 3 potions of flight {unknown}
 g - a potion of heal wounds {unknown}
 i - 2 potions of mutation {unknown}
 k - 2 potions of brilliance {unknown}
 m - 2 potions of degeneration {unknown}
 n - a potion of ambrosia {unknown}
 q - 2 potions of cancellation {unknown}
 u - a potion of magic {unknown}
Books
 b - a book of Necromancy

   Spells                             Type                      Level
   a - Pain                           Necromancy                   1
   b - Animate Skeleton               Necromancy                   1
   c - Vampiric Draining              Necromancy                   3
   d - Regeneration                   Charms/Necromancy            3
   e - Animate Dead                   Necromancy                   4
   f - Control Undead                 Necromancy                   4
Comestibles
 c - 5 bread rations
 p - 4 royal jellies
 r - 2 fruits


   Skills:
 - Level 3.0 Dodging
 - Level 3.0 Stealth
 + Level 4.7 Spellcasting
 + Level 4.7 Necromancy


You had 11 spell levels left.
You knew the following spells:

 Your Spells              Type           Power        Failure   Level  Hunger
a - Pain                  Necr           ###.         1%          1    None


Dungeon Overview and Level Annotations

Branches:
Dungeon (3/15)

Altars:
Ashenzari
Gozag
Qazlal
The Shining One

Annotations:
D:3 Sigmund


Innate Abilities, Weirdness & Mutations

You are very small and have problems with some larger weapons.
You are too small for most types of armour.
You have supernaturally acute eyesight. (SInv)
You are a herbivore.
You cover ground extremely quickly.
You need consume almost no food.


Message History

Aiming: Pain
Press: ? - help, Shift-Dir - straight line, f/p - Sigmund
Aim: Sigmund, wielding a scythe and wearing a robe (moderately wounded, slightly transparent, chance to defeat MR: 85%) Sigmund writhes in agony!
Unknown command.
Casting: Pain
Confirm with . or Enter, or press ? or * to list all spells.
Aiming: Pain
Press: ? - help, Shift-Dir - straight line, f/p - Sigmund
Aim: Sigmund, wielding a scythe and wearing a robe (moderately wounded, slightly transparent, chance to defeat MR: 85%) Sigmund writhes in agony!
Unknown command.
Casting: Pain
Confirm with . or Enter, or press ? or * to list all spells.
Aiming: Pain
Press: ? - help, Shift-Dir - straight line, f/p - Sigmund
Aim: Sigmund, wielding a scythe and wearing a robe (heavily wounded, slightly transparent, chance to defeat MR: 85%) Sigmund writhes in agony!
Sigmund hits you from afar with a scythe!
You die...

....# #...####.....####.....
....# #..## #...............
##### #..# #..........#####
##...# #..........# ####..###
#..........# ###....##
#######..### ## ........#
###.######.
........###########..........
..........@.@................
........###########..........
........# #..........
######### ##########. #. #.
##


You could see Sigmund (invisible).

Vanquished Creatures
  7 adders
  An ooze (D:2)
  A dart slug (D:2)
  5 giant cockroaches
  7 goblins
  7 hobgoblins
  5 kobolds
  2 quokkas (D:2)
  9 bats
  2 frilled lizards
  9 rats
55 creatures vanquished.

Vanquished Creatures (others)
  A worm (D:2)
1 creature vanquished.

Grand Total: 56 creatures vanquished

Notes
Turn   | Place    | Note
-------+----------+-------------------------------------------
     0 | D:1      | removed the Spriggan Necromancer began the quest for the Orb.
     0 | D:1      | Reached XP level 1. HP: 9/9 MP: 5/5
   151 | D:1      | Reached XP level 2. HP: 7/13 MP: 2/7
  1356 | D:2      | Reached XP level 3. HP: 12/16 MP: 2/9
  2041 | D:2      | Reached XP level 4. HP: 5/21 MP: 0/11
  2807 | D:3      | Found a glowing golden altar of the Shining One.
  2807 | D:3      | Found a shattered altar of Ashenzari.
  2934 | D:3      | Found a stormy altar of Qazlal.
  2948 | D:3      | Found an opulent altar of Gozag.
  3088 | D:3      | Noticed Sigmund
  3104 | D:3      | Mangled by Sigmund

Skill      XL: |  1  2  3 |
---------------+----------+-----
Spellcasting   | 3 4 |  4.7
Necromancy     | 4 |  4.7
Dodging        | |  3.0
Stealth        | |  3.0

Action                   |  1- 3 |  4- 6 || total
-------------------------+-------+-------++-------
Melee: Unarmed           |     5 |       ||     5
 Cast: Pain              |    69 |    48 ||   117
Armor: Robe              |     8 |     1 ||     9
Dodge: Dodged            |    21 |     3 ||    24
